 Dungeon Crawl Stone Soup version 0.23-a0-473-gc8aadda (webtiles) character file.

61 Amnesiac the Digger (level 3, -4/14 HPs)
             Began as a Felid Earth Elementalist on Nov 27, 2018.
             Slain by an orc wizard
             ... wielding a +0 dagger
              (5 damage)
             ... on level 3 of the Dungeon.
             The game lasted 00:02:45 (975 turns).

Amnesiac the Digger (Felid Earth Elementalist)       Turns: 975, Time: 00:02:45

Health: -4/14      AC:  1    Str:  4    XL:     3   Next: 83%
Magic:  5/8        EV: 18    Int: 17    God:
Gold:   89         SH:  0    Dex: 16    Spells: 4/7 levels left
                                        Lives:  0   Deaths: 0

rFire    . . .     SeeInvis +   (weapon unavailable)
rCold    . . .     Gourm    .   (shield unavailable)
rNeg     . . .     Faith    .   (armour unavailable)
rPois    .         Spirit   .   (helmet unavailable)
rElec    .         Reflect  .   (cloak unavailable)
rCorr    .         Harm     .   (gloves unavailable)
MR       .....                  (boots unavailable)
Stlth    +++.......             (no amulet)
HPRegen  0.04/turn              (no ring)
MPRegen  0.11/turn              (no ring)

@: quick
A: very small, no armour, no weapons or thrown items, stealth, claws 1, fangs 3,
see invisible, carnivore, speed 1, shaggy fur 1, slow metabolism 1, sharp paws
a: no special abilities


You were on level 3 of the Dungeon.
You were completely stuffed.

You visited 1 branch of the dungeon, and saw 3 of its levels.

You collected 89 gold pieces.

Inventory:

Missiles
 b - 71 stones
Scrolls
 a - a scroll of identify {!r, unknown}
 f - 2 scrolls of random uselessness {!r, unknown}
 h - a scroll of remove curse {!r, unknown}
 i - a scroll of fog {!r, unknown}
Potions
 d - a potion of brilliance {!q, unknown}
 e - a potion of agility {!q, unknown}
Comestibles
 c - 5 rations
 g - 15 chunks of flesh


   Skills:
 - Level 2.6 Dodging
 + Level 2.8 Stealth
 + Level 2.7 Spellcasting
 - Level 1.1 Transmutations
 * Level 3.9 Earth Magic


You had 4 spell levels left.
You knew the following spells:

 Your Spells              Type           Power        Failure   Level  Hunger
a - Sandblast             Erth           ###...       3%          1    #......
b - Passwall              Tmut/Erth      ##......     10%         2    ##.....

Your spell library contained the following spells:

 Spells                   Type           Power        Failure   Level  Hunger
 Stone Arrow              Conj/Erth      #.....       24%         3    ###....
 Petrify                  Tmut/Erth      ##......     54%         4    #####..
 Lee's Rapid Deconstruct  Erth           ###.......   69%         5    ######.


Dungeon Overview and Level Annotations

Branches:
Dungeon (3/15)

Altars:
Ru
Zin

Shops:
D:2 *


Innate Abilities, Weirdness & Mutations

You cannot wear armour.
You are incapable of wielding weapons or throwing items.
Your paws allow you to move quietly. (Stealth)
You have sharp claws.
You have razor-sharp teeth.
You have supernaturally acute eyesight. (SInv)
You are carnivorous and can eat meat at any time.
You cover ground quickly.
You are covered in fur. (AC +1)
You have a slow metabolism.
Your sharp claws are effective at attacking unaware monsters.


Message History

a +0 club; a hobgoblin corpse You butcher the hobgoblin corpse.
g - 17 chunks of flesh (gained 4)
Things that are here:
a +0 club; a hobgoblin skeleton You now have 89 gold pieces (gained 9).
There is an open door here.
Some of the chunks of flesh in your inventory have rotted away.
There is a stone staircase leading up here.
You climb upwards.
There is a stone staircase leading down here.
You climb downwards.
There is a stone staircase leading up here.
You open the large door.
There is a large open door here.
A hobgoblin comes into view. It is wielding a +0 club.
A hobgoblin is nearby!
A hobgoblin is nearby!
An orc comes into view.
The hobgoblin shouts!
The orc shouts!
A jackal comes into view.
There is a large open door here.
A rat, 2 orcs and an orc wizard come into view.
There are monsters nearby!
The helpless orc wizard fails to defend itself.
You scratch the orc wizard.
The orc wizard is moderately wounded.
The orc wizard closely misses you.
Casting: Sandblast (safe; 3% risk of failure)
Confirm with . or Enter, or press ? or * to list all spells.
Aiming: Sandblast (safe; 3% risk of failure)
Press: ? - help, Shift-Dir - straight line, f - orc wizard
Aim: an orc wizard, wielding a +0 dagger and wearing a +0 robe (moderately The blast of sand misses the orc wizard.
The blast of sand hits the rat.
You kill the rat!
b - 73 stones The orc shouts!
The orc wizard gestures at you while chanting.
The magic dart hits you!
Some of the chunks of flesh in your inventory have rotted away.
Casting: Sandblast (safe; 3% risk of failure)
Confirm with . or Enter, or press ? or * to list all spells.
Aiming: Sandblast (safe; 3% risk of failure)
Press: ? - help, Shift-Dir - straight line, f/p - orc wizard
Aim: an orc wizard, wielding a +0 dagger and wearing a +0 robe (moderately The blast of sand hits the orc wizard.
The orc wizard is moderately wounded.
b - 72 stones The orc shouts!
The orc wizard gestures at you while chanting.
The magic dart hits you!
Ouch! That really hurt!
* * * LOW HITPOINT WARNING * * *
Unknown command.
Casting: Sandblast (safe; 3% risk of failure)
Confirm with . or Enter, or press ? or * to list all spells.
Aiming: Sandblast (safe; 3% risk of failure)
Press: ? - help, Shift-Dir - straight line, f/p - orc wizard
Aim: an orc wizard, wielding a +0 dagger and wearing a +0 robe (moderately The blast of sand misses the orc wizard.
b - 71 stones The orc wizard hits you with a +0 dagger.
You die...

..h♣.♣..'.# #.##.#
##.....##
.g♣.♣♣..#.###.##.#
##...##
........#........#
##+##
........#####.####
######### #.# #.#
#.#######...
#...........
####@###... #o#
#.# #o# #.# #o.
###


You could see an orc wizard and 2 orcs.

Vanquished Creatures
  Natasha (D:2)
  An ooze (D:2)
  A dart slug (D:2)
  2 leopard geckos (D:1)
  2 goblins
  7 hobgoblins
  4 kobolds
  4 bats
  3 frilled lizards
  4 rats
29 creatures vanquished.

Notes
Turn   | Place    | Note
-------+----------+-------------------------------------------
     0 | D:1      | Amnesiac the Felid Earth Elementalist began the quest for
                  | the Orb.
     0 | D:1      | Reached XP level 1. HP: 7/7 MP: 4/4
   164 | D:1      | Reached skill level 3 in Earth Magic
   173 | D:1      | Reached XP level 2. HP: 5/11 MP: 4/6
   196 | D:1      | Learned a level 2 spell: Passwall
   609 | D:2      | Found Zin's Purification Station.
   615 | D:2      | Found a glowing silver altar of Zin.
   638 | D:2      | Noticed Natasha
   642 | D:2      | Killed Natasha
   642 | D:2      | Reached XP level 3. HP: 14/14 MP: 4/7
   654 | D:2      | Found a sacrificial altar of Ru.
   975 | D:3      | Slain by an orc wizard

Vault maps used:
D:1:      dpeg_arrival_ratfight, st_stairs_3, minmay_tromino_mix6
D:2:      lemuel_round_altar, zin_purify, minmay_hedge_maze, uniq_natasha,
          uniq_jessica
D:3:      kennysheep_generic_room_4

Skill      XL: |  1 |
---------------+----+-----
Earth Magic    | 3 |  3.9
Dodging        | |  2.6
Stealth        | |  2.8
Spellcasting   | |  2.7
Transmutations | |  1.1

Action                   || total
-------------------------++-------
Melee: Unarmed           ||    55
       Bite              ||     4
 Cast: Sandblast         ||    23
 Stab: Sleeping          ||    10
  Eat: Chunk             ||     8
Armor: Skin              ||     6
Dodge: Dodged            ||    46

Table legend:
 A = Non-vault XP
 B = Vault XP
 C = Vault XP percentage of total XP
 D = Non-vault monster count
 E = Vault monster count
 F = Vault count percentage of total count
                 A         B        C        D         E       F
            +---------+---------+-------+---------+---------+-------
      Total |      55 |      33 |  37.5 |      28 |       1 |   3.4
            +---------+---------+-------+---------+---------+-------
        D:1 |      22 |       0 |   0.0 |      12 |       0 |   0.0
        D:2 |      30 |      33 |  52.4 |      14 |       1 |   6.7
        D:3 |       3 |       0 |   0.0 |       2 |       0 |   0.0
            +---------+---------+-------+---------+---------+-------
